 Dungeon Crawl Stone Soup version 0.29-a0-872-g797fff5ad1 (webtiles) character file.

Game seed: 14267994491130694773

0 SkeletonJelly the Ducker (level 1, -2/11 HPs)
             Began as a Spriggan Abyssal Knight on July 19, 2022.
             Was a Believer of Lugonu.
             Engulfed by a ghost crab's spectral mist (13 damage)
             ... on level 3 of the Abyss.
             The game lasted 00:01:17 (125 turns).

SkeletonJelly the Ducker (Spriggan Abyssal Knight)   Turns: 125, Time: 00:01:18

Health: -2/11      AC:  2    Str:  9    XL:     1   Next: 0%
Magic:  3/3        EV: 17    Int: 11    God:    Lugonu [**....]
Gold:   0          SH:  0    Dex: 15    Spells: 0/0 levels left

rFire   . . .      SeeInvis +   a - +1 short sword
rCold   . . .      Faith    .   (no shield)
rNeg    . . .      Spirit   .   b - +0 robe
rPois   .          Reflect  .   (helmet restricted)
rElec   .          Harm     .   (no cloak)
rCorr   .          Rampage  .   (gloves unavailable)
Will    .....                   (boots unavailable)
Stlth   +.........              (no amulet)
HPRegen 0.03/turn               (no ring)
MPRegen 0.08/turn               (no ring)

@: very quick
A: very small, no large weapons, unfitting armour, see invisible, speed 3
a: Renounce Religion, Depart the Abyss, Bend Space


You were on level 3 of the Abyss.
You worshipped Lugonu.
Lugonu was pleased with you.
You visited 0 branches of the dungeon, and saw 0 of its levels.
You visited the Abyss 1 time.

Inventory:

Hand Weapons
 a - a +1 short sword (weapon)
Armour
 b - a +0 robe (worn)


   Skills:
 + Level 2.4 Fighting
 + Level 2.1 Short Blades
 + Level 3.2 Dodging
 + Level 1.7 Invocations


You couldn't memorise any spells.
You didn't know any spells.
Your spell library was empty.

Dungeon Overview and Level Annotations

Branches:
Dungeon (0/15)

Altars:


Innate Abilities, Weirdness & Mutations

You are very small and have problems with some larger weapons.
You are too small for most types of armour.
You have supernaturally acute eyesight. (SInv)
You cover ground extremely quickly. (Speed+++)


Message History

Welcome, SkeletonJelly the Spriggan Abyssal Knight.
You feel drawn to the Orb of Zot, downwards into the unfathomable depths...
Lugonu says: Depart the Abyss and spread corruption, my servant! (use the ability menu to exit the Abyss) Press ? for a list of commands and other information.
Found a corrupted altar of Lugonu.
Found a gateway leading out of the Abyss.
There is a corrupted altar of Lugonu here.
You enter the shallow water.
Moving in this stuff is going to be slow.
Found a gateway leading deeper into the Abyss.
There is a gateway leading deeper into the Abyss here.
You plunge deeper into the Abyss.
A smoke demon comes into view.
Found a gateway leading deeper into the Abyss.
There is a gateway leading deeper into the Abyss here.
You plunge deeper into the Abyss.
The abyssal rune of Zot can be found at this depth.
The abyssal matter surrounding you shimmers strangely.
You detect the abyssal rune!
Found two runelights.
There is a runelight here.
You can't go down here!
You can't go up here!
There are no items here.
Press: ? - help, v - describe, . - travel A runelight.
Unknown command.
Found a gateway leading out of the Abyss.
Found a runelight.
Found a gateway leading deeper into the Abyss.
Found a runelight.
Found a runelight.
Found four runelights.
Found a runelight.
Found four runelights.
Found ten runelights.
Tentacles burst out of the water! 4 tentacles come into view.
The abyss shimmers again as the detected abyssal rune vanishes from your memory and reappears.
A ghost crab comes into view.
Found two runelights.
Tentacles burst out of the water! 4 tentacles come into view.
Found a runelight.
The ghost crab breathes spectral mist at you.
The spectral mist engulfs you but does no damage.
You closely miss the spectral spriggan defender.
You are engulfed in spectral mist.
Ouch! That really hurt!
You die...

#..## # ⌠ ≈≈≈⌠⌠
.#.. #⌠⌠⌠≈≈≈⌠⌠⌠
#..###≈≈≈≈≈≈≈## #
.#t§≈≈≈≈≈≈≈≈ # #
#.#..###§≈≈X
≈≈###.# #.
......⌠⌠§⌠∩⌠⌠⌠⌠...
..#.#
.##.##Z§#.§§.## ..
#.##.####☼§#Z☼..#
#. #.#...##.#§@§§#
# .....###Z##Z§#
....##.###.##
##..#
#..#.##..#..# .#
#. #...## ..# #
#.....### #..#
###.##. #... #. #
..#.. . .## #


You could see a ghost crab, a spectral anaconda (summoned), a spectral
quicksilver dragon (summoned), a spectral spriggan defender (summoned) and a
spectral stone giant (summoned).

Vanquished Creatures (others)
  8 tentacles (Abyss:3)
8 creatures vanquished.

Notes
Turn   | Place    | Note
-------+----------+-------------------------------------------
     0 | Abyss:1  | SkeletonJelly the Spriggan Abyssal Knight began the quest
                  | for the Orb.
     0 | Abyss:1  | Reached XP level 1. HP: 11/11 MP: 3/3
    48 | Abyss:2  | Noticed a smoke demon
   109 | Abyss:3  | Noticed a kraken
   123 | Abyss:3  | Noticed a ghost crab
   125 | Abyss:3  | Noticed a spectral anaconda
   125 | Abyss:3  | Noticed a spectral quicksilver dragon
   125 | Abyss:3  | Noticed a spectral spriggan defender
   125 | Abyss:3  | Noticed a spectral stone giant
   125 | Abyss:3  | Engulfed by a ghost crab's spectral mist

Illustrated notes

Levels and vault maps discovered:
Abyss:3:  base: Temple, evilmike_nicolae_abyss_rune_betentacled_crabyss,
          evilmike_nicolae_abyss_rune_betentacled_crabyss

Action                   || total
-------------------------++-------
Melee: Short sword       ||     1

Table legend: (Time is in decaauts)
 A = Elapsed time spent in this place.
 B = Non-inter-level travel time spent in this place.
 C = Inter-level travel time spent in this place.
 D = Time resting spent in this place.
 E = Time spent auto-exploring this place.
 F = Levels seen in this place.
 G = Mean time per level.
                   A        B        C        D        E       F      G
               +--------+--------+--------+--------+--------+-----+--------+
         Total |     76 |     76 |      0 |      0 |     24 |   3 |   25.3 |
         Abyss |     76 |     76 |      0 |      0 |     24 |   3 |   25.3 |
               +--------+--------+--------+--------+--------+-----+--------+

Top non-repeatable levels by time:
 Abyss:3: 29 daAuts
 Abyss:1: 24 daAuts
 Abyss:2: 23 daAuts
